AoeStats
← TIMVP

Arena

509129733Analyzed
3v3 RM · 6d ago on Sep 25, 2026· 58m 11s· 6 players
Game mode
Random Map
Map size
Normal (6 player)
Population
200
Speed
Normal
Resources
Standard
Victory
Conquest
Starting age
Dark Age
Ending age
Imperial Age
RankedLock teamsTeams togetherTeam positionsShared explorationLock speedFull tech treeHidden civsTurbo modeCheats
Victory
Defeat
🇫🇷 Franks · France
781
+13
🇲🇽 Persians · Mexico
757
+14
🇩🇪 Magyars · Germany
713
+17
🇵🇪 Danes · Peru
743
-16
🇵🇪 Maya · Peru
735
-15
🇨🇱 Persians · Chile
692
-13
PoisonSoup91
8:26 Loom
11:09 Feudal Age
11:54 Double-Bit Axe
20:43 Castle Age
18:33 Horse Collar
18:44 Gold Mining
18:21 Man-at-Arms
20:13 Bloodlines
20:20 Forging
20:15 Scale Barding Armor
20:01 Fletching
21:32 Long Swordsman
23:42 Scale Mail Armor
24:17 Town Watch
28:15 Bow Saw
28:38 Town Patrol
35:26 Imperial Age
34:20 Wheelbarrow
33:48 Devotion
34:03 Fervor
34:46 Husbandry
35:38 Ballistics
35:16 Murder Holes
36:18 Hand Cart
37:21 Conscription
39:08 Block Printing
39:32 Theocracy
38:56 Herbal Medicine
40:35 Chain Barding Armor
40:51 Iron Casting
39:38 Cavalier
42:53 Chemistry
46:26 Savar
49:21 Elite Skirmisher
richard2606.fr
11:27 Feudal Age
12:44 Wheelbarrow
11:57 Double-Bit Axe
11:55 Horse Collar
20:02 Castle Age
18:33 Padded Archer Armor
18:25 Fletching
19:09 Gold Mining
21:12 Hand Cart
21:11 Bow Saw
21:12 Heavy Plow
23:22 Crossbowman
25:37 Scale Mail Armor
25:43 Scale Barding Armor
25:04 Light Cavalry
28:39 Gold Shaft Mining
28:54 Bloodlines
29:56 Husbandry
30:20 Stone Mining
31:25 Thumb Ring
31:36 Caravan
36:38 Imperial Age
35:23 Chain Barding Armor
35:19 Chain Mail Armor
35:20 Leather Archer Armor
35:04 Bodkin Arrow
35:52 Elite Skirmisher
37:55 Crop Rotation
38:30 Two-Man Saw
38:14 Plate Barding Armor
38:12 Parthian Tactics
38:02 Hussar
39:18 Arbalester
40:32 Conscription
41:03 Recurve Bow
40:31 Elite Magyar Huszar
44:04 Corvinian Army
44:16 Onager
47:56 Heavy Cavalry Archer
49:55 Ring Archer Armor
49:35 Bracer
fnon
11:21 Feudal Age
11:55 Double-Bit Axe
13:03 Wheelbarrow
14:34 Gold Mining
19:22 Castle Age
18:12 Fletching
21:33 Bodkin Arrow
21:49 Forging
21:21 Crossbowman
22:07 Husbandry
22:18 Padded Archer Armor
22:50 Bow Saw
24:25 Iron Casting
23:56 Scale Barding Armor
25:31 Stone Mining
27:06 Scale Mail Armor
30:29 Chain Barding Armor
37:02 Imperial Age
35:25 Leather Archer Armor
36:50 Hand Cart
36:57 Hand Cart
38:10 Conscription
38:40 Gold Shaft Mining
39:21 Blast Furnace
40:34 Plate Barding Armor
40:06 Cavalier
44:35 Paladin
53:01 Caravan
53:47 Siege Engineers
TIMVP
8:10 Loom
13:32 Feudal Age
14:01 Double-Bit Axe
15:09 Wheelbarrow
21:16 Castle Age
29:27 Horse Collar
30:32 Fletching
30:47 Padded Archer Armor
36:11 Imperial Age
34:10 Gold Mining
35:18 Hand Cart
36:42 Cranequins
39:28 Thumb Ring
A†ilA
0:40 Loom
12:16 Feudal Age
14:27 Wheelbarrow
18:34 Castle Age
20:25 Hand Cart
21:50 Double-Bit Axe
21:48 Horse Collar
23:02 Heavy Plow
23:18 Bow Saw
26:43 Fletching
26:53 Padded Archer Armor
27:06 Gold Mining
27:10 Stone Mining
28:47 Crossbowman
32:55 Imperial Age
34:22 Herbal Medicine
37:33 Eagle Warrior
38:28 Arbalester
38:28 Elite Skirmisher
39:16 Thumb Ring
39:14 Bodkin Arrow
39:35 Leather Archer Armor
40:23 Elite Eagle Warrior
41:03 Pikeman
42:14 Halberdier
44:36 Conscription
45:08 Squires
Takhyom
4:20 Loom
10:13 Feudal Age
10:35 Double-Bit Axe
19:55 Castle Age
18:34 Fletching
18:45 Padded Archer Armor
18:53 Horse Collar
19:29 Arson
21:14 Bow Saw
21:25 Squires
21:12 Gambesons
23:07 Wheelbarrow
23:26 Heavy Plow
24:27 Stone Mining
25:21 Bodkin Arrow
26:27 Hand Cart
27:48 Leather Archer Armor
29:35 Kamandaran
30:45 Stone Shaft Mining
30:02 Gold Mining
29:45 Crossbowman
30:33 Thumb Ring
33:20 Pikeman
37:26 Imperial Age
37:20 Ballistics
37:12 Masonry
37:23 Forging
37:14 Scale Mail Armor
39:52 Elite War Elephant
40:50 Chain Mail Armor
41:10 Iron Casting
42:09 Plate Mail Armor
41:55 Halberdier
45:50 Crop Rotation
46:22 Two-Man Saw
46:26 Blast Furnace
45:33 Scale Barding Armor
46:00 Ring Archer Armor
46:49 Coinage
46:31 Guilds
49:32 Chain Barding Armor
51:08 Chemistry
50:39 Architecture
51:21 Plate Barding Armor
Connection lost

Rejoining the realm…

Still unreachable

The connection could not be restored.

Session expired

The server has moved on; the page needs a fresh start.